 Dungeon Crawl Stone Soup version 0.19.1-1-g22dce08 (webtiles) character file.

16207 dngmouse the Severer (level 12, -10/119 HPs)
             Began as a Hill Orc Fighter on Jan 15, 2017.
             Was a High Priest of Makhleb.
             Mangled by a two-headed ogre
             ... wielding a +0 giant club
              (24 damage)
             ... on level 2 of the Orcish Mines.
             The game lasted 00:44:27 (9461 turns).

dngmouse the Severer (Hill Orc Fighter)             Turns: 9461, Time: 00:44:28

Health: -10/119    AC: 16    Str: 23    XL:     12   Next: 35%
Magic:  17/17      EV: 10    Int:  8    God:    Makhleb [*****.]
Gold:   939        SH:  0    Dex: 11    Spells: 0 memorised, 11 levels left

rFire  . . .     SeeInvis .     a - +7 executioner's axe (venom)
rCold  + . .     Gourm    .     G - +0 plate armour
rNeg   . . .     Faith    .     (shield currently unavailable)
rPois  +         Spirit   .     (helmet restricted)
rElec  .         Reflect  .     j - +0 cloak
rCorr  .         Harm     .     e - +2 pair of gloves
MR     .....                    (no boots)
Stlth  ..........               (no amulet)
                                x - ring of poison resistance
                                l - +4 ring of evasion

@: no status effects
A: antennae 1, cold resistance 1, evolution 1
a: Minor Destruction, Lesser Servant of Makhleb, Major Destruction, Greater
Servant of Makhleb, Renounce Religion


You were on level 2 of the Orcish Mines.
You worshipped Makhleb.
Makhleb was extremely pleased with you.
You were not hungry.

You visited 3 branches of the dungeon, and saw 13 of its levels.

You collected 1339 gold pieces.
You spent 400 gold pieces at shops.

Inventory:

Hand Weapons
 a - a +7 executioner's axe of venom (weapon)
 i - a +1 war axe
 N - a +1 morningstar of protection
 S - a +0 demon whip of freezing
 T - a +3 broad axe
Missiles
 y - 19 tomahawks (quivered)
 z - 5 tomahawks of returning
 D - 2 throwing nets
Armour
 e - a +2 pair of gloves (worn)
 j - a +0 cloak (worn)
 s - a +0 helmet
 t - a +2 buckler
 E - the +1 scale mail of Minor Irritation {rF+ rC++ Dex+3 Stlth+}
   (You found it on level 7 of the Dungeon)

   It affects your dexterity (+3).
   It protects you from fire.
   It greatly protects you from cold.
   It makes you more stealthy.
 G - a +0 plate armour (worn)
Jewellery
 b - an uncursed ring of positive energy
 l - a +4 ring of evasion (left hand)
 o - an uncursed ring of ice
 x - a ring of poison resistance (right hand)
 B - an uncursed ring of protection from fire {unknown}
Wands
 c - a wand of disintegration (11/24)
 d - a wand of heal wounds (5/9)
 r - a wand of digging (10/24)
 A - a wand of digging (19/24)
 H - a wand of lightning (1/15)
 I - a wand of enslavement (15/24)
 P - a wand of flame (23/48)
Scrolls
 h - 2 scrolls of noise
 k - 5 scrolls of identify
 m - 3 scrolls of amnesia
 n - 4 scrolls of remove curse
 p - 5 scrolls of teleportation
 w - 3 scrolls of enchant weapon
 L - a scroll of recharging
Potions
 g - 2 potions of curing
 q - a potion of agility
 u - 5 potions of lignification
 K - a potion of flight
 M - a potion of cure mutation
 O - a potion of haste
Comestibles
 f - 12 bread rations
 C - 3 slices of pizza
 F - 7 beef jerkies
 J - 3 meat rations
 Q - 4 chunks of flesh


   Skills:
 * Level 15.1 Fighting
 * Level 16.6 Axes
 - Level 4.3 Armour
 - Level 3.2 Shields
 - Level 6.9 Invocations
 - Level 2.0 Evocations


You had 11 spell levels left.
You didn't know any spells.

Dungeon Overview and Level Annotations

Branches:
Dungeon (10/15)            Temple (1/1) D:4            Lair (0/6) D:10
    Orc (2/2) D:9
    Elf: Orc:2

Altars:
Ashenzari
Cheibriados
Dithmenos
Elyvilon
Fedhas
Gozag
Hepliaklqana
Kikubaaqudgha
Makhleb
Nemelex Xobeh
Okawaru
Qazlal
Ru
Sif Muna
Trog
Uskayaw
Vehumet
Xom
Yredelemnul
Zin
The Shining One
Beogh

Shops:
D:8 }   D:10 !

Annotations:
D:7 Prince Ribbit


Innate Abilities, Weirdness & Mutations

You have a pair of small antennae on your head.
Your flesh is cold resistant. (rC+)
You evolve.


Message History

The ogre shouts!
The ogre mage mumbles some strange words.
Items here: ))))))))))))))) [[ ††† You are too injured to fight recklessly!
You are too injured to fight recklessly!
You are too injured to fight recklessly!
You slash the ogre mage!
The ogre mage looks as sick as possible!
The ogre mage is moderately wounded.
The ogre mage hits you but does no damage.
You slice the two-headed ogre!!
The two-headed ogre looks as sick as possible!
The two-headed ogre is heavily wounded.
You slash the ogre mage!
The ogre mage looks as sick as possible!
The ogre mage hits you but does no damage.
The two-headed ogre hits you with a giant club!
* * * LOW HITPOINT WARNING * * *
The two-headed ogre hits you with a giant spiked club!!
You die...

#####....####.........###
#.......## #.........###
##.#.....####.......####.
###.....##.#........##..
##..............÷.....
##............#......
##...........##......
#..).....#######.....
##.O@)...# #.#...
##..O#....# #####.
#....##...# ##
#.#...###.## #......$..#
## .............
...............
######..####### ....


You could see an ogre mage and a two-headed ogre.

Vanquished Creatures
  3 ogre magi (Orc:2)
  The ghost of Thrillho the Destroyer, a journeyman DEFE of Vehumet (D:10)
  An orc knight (Orc:1)
  An orc sorcerer (Orc:1)
  The ghost of theAP the Ruffian, a novice TrFi of Okawaru (D:6)
  2 trolls
  10 two-headed ogres (Orc:2)
  2 hippogriffs
  7 yaks
  2 humans (D:10)
  2 hungry ghosts
  A warg (Orc:1)
  Menkaure (D:7)
  A water moccasin (D:6)
  3 sky beasts
  12 orc warriors
  2 ice beasts (D:6)
  32 ogres
  A necrophage (D:8)
  A wolf (D:10)
  A centaur (D:6)
  A big kobold (D:9)
  5 bullfrogs
  2 gnoll sergeants
  4 scorpions
  A water moccasin skeleton (D:7)
  9 killer bees
  4 electric eels
  7 wights
  4 crimson imps
  2 bullfrog zombies
  A centaur zombie (D:6)
  10 orc priests
  5 hounds
  17 orc wizards
  2 bullfrog skeletons
  Jessica (D:2)
  Ijyb (D:2)
  2 iguanas
  4 worker ants
  A hound skeleton (D:4)
  A worker ant zombie (D:6)
  13 gnolls
  A howler monkey skeleton (D:9)
  9 adders
  A shadow imp (D:5)
  An ooze (D:1)
  An adder zombie (D:9)
  A worm (D:6)
  3 dart slugs
  5 leopard geckos
  47 orcs
  5 bats
  9 giant cockroaches
  7 goblins
  8 hobgoblins
  9 jackals
  9 kobolds
  2 quokkas
  3 ball pythons (D:1)
  3 frilled lizards
  A jackal skeleton (D:4)
  9 rats
318 creatures vanquished.

Vanquished Creatures (others)
  A hound (D:10)
  2 jackals (D:10)
  A plant (D:5)
4 creatures vanquished.

Grand Total: 322 creatures vanquished

Notes
Turn   | Place    | Note
-------+----------+-------------------------------------------
     0 | D:1      | dngmouse the Hill Orc Fighter began the quest for the Orb.
     0 | D:1      | Reached XP level 1. HP: 19/19 MP: 1/1
    39 | D:1      | Reached skill level 3 in Axes
    70 | D:1      | Reached XP level 2. HP: 24/27 MP: 2/2
   223 | D:1      | Reached skill level 4 in Axes
   244 | D:1      | Reached XP level 3. HP: 33/33 MP: 3/3
   614 | D:2      | Found a radiant altar of Vehumet.
   635 | D:2      | Found a burning altar of Makhleb.
   646 | D:2      | Became a worshipper of Makhleb the Destroyer
   830 | D:2      | Reached skill level 5 in Axes
   849 | D:2      | Reached XP level 4. HP: 40/40 MP: 4/4
   958 | D:2      | Noticed Ijyb
   968 | D:2      | Killed Ijyb
  1083 | D:2      | Noticed Jessica
  1096 | D:2      | Killed Jessica
  1096 | D:2      | Reached skill level 6 in Axes
  1096 | D:2      | Reached XP level 5. HP: 46/46 MP: 5/5
  1428 | D:3      | Found an ancient bone altar of Kikubaaqudgha.
  1515 | D:3      | Found a stormy altar of Qazlal.
  1680 | D:3      | Reached * piety under Makhleb
  2043 | D:4      | Found a staircase to the Ecumenical Temple.
  2048 | D:4      | Reached skill level 7 in Axes
  2056 | Temple   | Entered the Ecumenical Temple
  2080 | D:4      | Noticed an ogre
  2086 | D:4      | Killed an ogre
  2086 | D:4      | Reached skill level 8 in Axes
  2086 | D:4      | Reached XP level 6. HP: 28/52 MP: 6/6
  2300 | D:4      | Found a hide-covered altar of Uskayaw.
  2575 | D:4      | Found a burning altar of Makhleb.
  2575 | D:4      | Noticed an Executioner
  2673 | D:5      | Entered Level 5 of the Dungeon
  2685 | D:5      | Noticed a hungry ghost
  2696 | D:5      | Reached skill level 9 in Axes
  2715 | D:5      | Killed a hungry ghost
  2715 | D:5      | Reached XP level 7. HP: 45/59 MP: 7/7
  2736 | D:5      | Reached skill level 10 in Axes
  2882 | D:5      | Reached skill level 11 in Axes
  3090 | D:5      | Reached ** piety under Makhleb
  3090 | D:5      | Reached XP level 8. HP: 54/66 MP: 8/8
  3687 | D:6      | Reached skill level 5 in Fighting
  4090 | D:6      | Noticed theAP's ghost (novice TrFi)
  4105 | D:6      | Killed theAP's ghost
  4105 | D:6      | Reached skill level 12 in Axes
  4112 | D:6      | Reached XP level 9. HP: 19/80 MP: 9/9
  4327 | D:6      | Found a shadowy altar of Dithmenos.
  4618 | D:6      | Found a hazy altar of Hepliaklqana.
  4618 | D:6      | Found a basalt altar of Yredelemnul.
  5104 | D:7      | Found a shimmering altar of Xom.
  5110 | D:7      | Got a brightly glowing scale mail
  5111 | D:7      | Identified the +1 scale mail of Minor Irritation {rF+ rC++ Dex+3 Stlth+} (You found it on level 7 of the Dungeon)
  5126 | D:7      | Noticed Prince Ribbit
  5250 | D:7      | Reached skill level 10 in Fighting
  5250 | D:7      | Reached *** piety under Makhleb
  5363 | D:7      | Found an ancient bone altar of Kikubaaqudgha.
  5364 | D:7      | Noticed Menkaure
  5385 | D:7      | Reached skill level 1 in Invocations
  5388 | D:7      | Killed Menkaure
  5388 | D:7      | Reached skill level 1 in Evocations
  5954 | D:8      | Identified a scroll of acquirement
  6082 | D:8      | Found Giry's Gadget Shop.
  6253 | D:8      | Reached XP level 10. HP: 94/94 MP: 12/12
  6388 | D:8      | Reached **** piety under Makhleb
  6686 | D:9      | Found a staircase to the Orcish Mines.
  6695 | D:9      | Reached skill level 13 in Axes
  7181 | D:10     | Entered Level 10 of the Dungeon
  7183 | D:10     | Found a staircase to the Lair.
  7231 | D:10     | Found Gyobu's Distillery.
  7239 | D:9      | Reached skill level 5 in Invocations
  7468 | D:10     | Bought a potion of cure mutation for 250 gold pieces
  7468 | D:10     | Bought a potion of haste for 100 gold pieces
  7468 | D:10     | Bought a potion of berserk rage for 50 gold pieces
  7532 | D:10     | Reached ***** piety under Makhleb
  7558 | D:10     | Noticed Thrillho's ghost (journeyman DEFE)
  7571 | D:10     | Killed Thrillho's ghost
  7571 | D:10     | Reached skill level 14 in Axes
  7571 | D:10     | Reached XP level 11. HP: 65/105 MP: 15/15
  8363 | Orc:1    | Entered Level 1 of the Orcish Mines
  8677 | Orc:1    | Noticed an orc sorcerer
  8682 | Orc:1    | Killed an orc sorcerer
  8784 | Orc:2    | Entered Level 2 of the Orcish Mines
  8910 | Orc:2    | Found a roughly hewn altar of Beogh.
  8928 | Orc:2    | Reached skill level 15 in Axes
  9135 | Orc:1    | Noticed an orc knight
  9155 | Orc:1    | Killed an orc knight
  9210 | Orc:1    | Found a roughly hewn altar of Beogh.
  9384 | Orc:2    | Noticed an ogre mage
  9384 | Orc:2    | Noticed an ogre mage
  9407 | Orc:2    | Noticed an ogre mage
  9408 | Orc:2    | Gained mutation: Your flesh is cold resistant. (rC+) [potion of mutation]
  9408 | Orc:2    | Gained mutation: You have a pair of small antennae on your head. [potion of mutation]
  9408 | Orc:2    | Gained mutation: You evolve. [potion of mutation]
  9422 | Orc:2    | Noticed an ogre mage
  9434 | Orc:2    | Reached XP level 12. HP: 76/118 MP: 17/17
  9435 | Orc:2    | Killed an ogre mage
  9435 | Orc:2    | Reached skill level 16 in Axes
  9437 | Orc:2    | Killed an ogre mage
  9451 | Orc:2    | Killed an ogre mage
  9451 | Orc:2    | Reached skill level 15 in Fighting
  9461 | Orc:2    | Mangled by a two-headed ogre

Skill      XL: |  1  2  3  4  5  6  7  8  9 10 11 12 |
---------------+-------------------------------------+-----
Axes           | 3 4 5 6 8 9 11 12 14 15 16 | 16.6
Fighting       | 4 7 10 12 14 15 | 15.1
Invocations    | 3 6 |  6.9
Evocations     | 1 2 |  2.0
Armour         | 4 |  4.3
Shields        | |  3.2

Action                   |  1- 3 |  4- 6 |  7- 9 | 10-12 || total
-------------------------+-------+-------+-------+-------++-------
Melee: War axe           |    80 |   154 |   292 |       ||   526
       Executioner's axe |       |       |    28 |   294 ||   322
Throw: Tomahawk          |       |       |    15 |       ||    15
Evoke: Wand              |       |       |     4 |       ||     4
  Use: Potion            |       |     3 |     9 |     6 ||    18
       Scroll            |       |       |    15 |     2 ||    17
  Eat: Chunk             |       |     6 |    13 |    11 ||    30
       Bread ration      |       |     1 |       |       ||     1
Armor: Scale mail        |    54 |    39 |       |       ||    93
       Chain mail        |       |    33 |    68 |       ||   101
       Skin              |       |       |    39 |       ||    39
       Plate armour      |       |       |    57 |   161 ||   218
Dodge: Dodged            |    25 |    53 |   115 |   166 ||   359
Block: Shield            |    44 |    67 |    45 |       ||   156
       Buckler           |       |       |    56 |       ||    56
